 Dungeon Crawl Stone Soup version 0.18.1-48-g4cf74bf (webtiles) character file.

232 Charly the Magician (level 5, -9/28 HPs)
             Began as a Deep Elf Ice Elementalist on Sept 2, 2016.
             Shot with an arrow by a centaur (15 damage)
             ... on level 5 of the Dungeon.
             The game lasted 00:31:56 (1635 turns).

Charly the Magician (Deep Elf Ice Elementalist)     Turns: 1635, Time: 00:31:56

Health: -9/28      AC:  6    Str:  5    XL:     5   Next: 73%
Magic:  6/15       EV: 12    Int: 21    God:
Gold:   125        SH:  0    Dex: 19    Spells: 4 memorised, 5 levels left

rFire  . . .     SeeInvis .     (no weapon)
rCold  . . .     Gourm    .     r - +1 leather armour {rPois}
rNeg   . . .     Faith    .     (no shield)
rPois  +         Spirit   .     (no helmet)
rElec  .         Dismiss  .     t - +0 cloak (curse)
rCorr  .         Reflect  .     g - +0 pair of gloves
SustAt .         Harm     +     (no boots)
MR     .....                    a - amulet of harm
Stlth  ++........               (no ring)
                                i - +4 ring of dexterity

@: not resistant to hostile enchantments, unstealthy
A: no striking features
a: no special abilities


You were on level 5 of the Dungeon.
You were hungry.

You visited 1 branch of the dungeon, and saw 6 of its levels.

You collected 125 gold pieces.

Inventory:

Armour
 g - a +0 pair of gloves (worn)
 m - a +0 cloak
 r - a +1 leather armour of poison resistance (worn)
 t - a cursed +0 cloak (worn)
Jewellery
 a - an amulet of harm (around neck)
 i - a +4 ring of dexterity (left hand)
Scrolls
 f - 2 scrolls of teleportation {unknown}
 j - a scroll of enchant weapon {unknown}
 k - a scroll of magic mapping {unknown}
 n - 2 scrolls of immolation {unknown}
 o - a scroll of recharging {unknown}
 s - a scroll of random uselessness {unknown}
Potions
 d - 2 potions of ambrosia
 e - a potion of mutation {unknown}
 h - 2 potions of brilliance
 l - a potion of agility
 p - a potion of flight
Books
 b - a book of Frost

   Spells                             Type                      Level
   a - Freeze                         Ice                          1
   b - Throw Frost                    Conjuration/Ice              2
   c - Ozocubu's Armour               Charms/Ice                   3
   d - Throw Icicle                   Conjuration/Ice              4
   e - Summon Ice Beast               Ice/Summoning                4
Comestibles
 c - 3 bread rations
 q - a royal jelly
 u - 2 chunks of flesh


   Skills:
 - Level 2.4 Dodging
 - Level 2.4 Stealth
 + Level 5.7 Spellcasting
 * Level 4.2 Conjurations
 + Level 4.0 Ice Magic


You had 5 spell levels left.
You knew the following spells:

 Your Spells              Type           Power        Failure   Level  Hunger
a - Ozocubu's Armour      Chrm/Ice       ##......     28%         3    ##.....
f - Freeze                Ice            ###.         4%          1    None
i - Throw Icicle          Conj/Ice       ###.....     30%         4    ####...
t - Throw Frost           Conj/Ice       ###...       6%          2    None


Dungeon Overview and Level Annotations

Branches:
Dungeon (6/15)
 Temple: D:4-7

Altars:
Qazlal
Vehumet

Annotations:
D:3 exclusion: downstairs
D:4 HEYYEYAAE's ghost, amateur DrIE
D:5 exclusion: upstairs


Message History

You now have 125 gold pieces (gained 7).
The orc shouts!
A centaur comes into view.
The centaur shouts!
The centaur wields a shortbow.
The centaur shoots an arrow.
The arrow hits you! The orc hits you.
* * * LOW HITPOINT WARNING * * *
You see here an arrow.
Unknown command.
Unknown command.
Unknown command.
Unknown command.
Unknown command.
Unknown command.
The centaur shoots an arrow.
The arrow hits you!
* * * LOW HITPOINT WARNING * * *
You see here an arrow.
The orc closely misses you.
The centaur shoots an arrow.
The arrow hits you!
Ouch! That really hurt!
You die...

. .>.## ..#.#.# ...[..
###.#.#c#########
###................
................####
###.#.###..<.......#
#.# #.........#)#
#.#.##......(o@..#
#.#..(.......(#.#......
#>####........#.....###
#.# #..##.####)#####
#.# #..##.# #.#
#.####..##.# #.#
#..........####.#
########..........#
.............######


You could see a centaur and an orc.

Vanquished Creatures
  A giant frog skeleton (D:5)
  An orc wizard (D:3)
  A worker ant (D:5)
  4 adders
  3 gnolls
  A howler monkey skeleton (D:5)
  2 oozes
  2 worms
  2 dart slugs
  5 orcs
  4 bats
  6 giant cockroaches
  3 goblins
  4 hobgoblins
  2 jackals (D:1)
  3 quokkas
  A giant newt (D:1)
  A jackal skeleton (D:5)
  7 kobolds
  2 rats
55 creatures vanquished.

Notes
Turn   | Place    | Note
--------------------------------------------------------------
     0 | D:1      | Charly the Deep Elf Ice Elementalist began the quest for the Orb.
     0 | D:1      | Reached XP level 1. HP: 10/10 MP: 6/6
   125 | D:1      | Reached XP level 2. HP: 11/15 MP: 6/8
   129 | D:1      | Learned a level 2 spell: Throw Frost
   185 | D:1      | Reached skill level 4 in Spellcasting
   372 | D:2      | Reached XP level 3. HP: 14/19 MP: 2/10
   377 | D:2      | Learned a level 3 spell: Ozocubu's Armour
   608 | D:2      | Found a radiant altar of Vehumet.
   834 | D:3      | Reached XP level 4. HP: 24/24 MP: 6/12
   840 | D:3      | Learned a level 4 spell: Throw Icicle
   846 | D:3      | Reached skill level 5 in Spellcasting
   907 | D:4      | Noticed a phantom
  1094 | D:3      | Reached XP level 5. HP: 28/28 MP: 1/14
  1110 | D:3      | 1!
  1157 | D:5      | Entered Level 5 of the Dungeon
  1201 | D:4      | Found a stormy altar of Qazlal.
  1306 | D:4      | Noticed HEYYEYAAE's ghost (amateur DrIE)
  1593 | D:6      | Noticed an ogre
  1633 | D:5      | Noticed a centaur
  1635 | D:5      | Shot with an arrow by a centaur

Skill      XL: |  1  2  3  4  5 |
---------------+----------------+-----
Spellcasting   | 4 5 |  5.7
Conjurations   | 2 3 4 |  4.2
Ice Magic      | 4 |  4.0
Dodging        | |  2.4
Stealth        | |  2.4

Action                   |  1- 3 |  4- 6 || total
-------------------------+-------+-------++-------
Melee: Unarmed           |    11 |     7 ||    18
Throw: Throwing net      |       |     2 ||     2
 Cast: Freeze            |    45 |    31 ||    76
       Throw Frost       |    11 |    19 ||    30
       Throw Icicle      |       |     4 ||     4
  Use: Scroll            |       |     4 ||     4
       Potion            |       |     1 ||     1
  Eat: Chunk             |       |     2 ||     2
Armor: Robe              |     7 |       ||     7
       Leather armour    |       |     9 ||     9
Dodge: Dodged            |    25 |    21 ||    46
